3AAA
AUSTIN BLACK MAMBAS @ MILTON DOGFISH HEAD
08/07/2042
 
TOP OF THE 1ST
Austin Black Mambas batting - Pitching for Milton Dogfish Head : LHP Nick Hayes
Pitching: LHP Nick Hayes
Batting: RHB Ned Lyons 0-0: Ball
1-0: Called Strike
1-1: Foul Ball, location: 2F
1-2: Fly out, F7 (Line Drive, 7, EV 102.5 MPH)
Batting: RHB Rick Pawlowicz 0-0: Called Strike
0-1: Fly out, F7 (Flyball, 7LS, EV 93.8 MPH)
Batting: RHB Jason Portillo 0-0: SINGLE (Groundball, 56D, EV 98.1 MPH)
Batting: RHB Doug Page 0-0: Ball
1-0: Foul Ball, location: 2F
1-1: Ball
2-1: Ball
3-1: SINGLE (Flyball, 7LS, EV 90.6 MPH)
Jason Portillo to second
Batting: LHB Man-su Sin 0-0: Called Strike
0-1: Ball
1-1: Ball
2-1: Ball
3-1: Base on Balls
Jason Portillo to third
Doug Page to second
Batting: RHB Doug Day 0-0: Ground out 1-3 (Groundball, 15, EV 89.4 MPH)
Top of the 1st over - 0 runs, 2 hits, 0 errors, 3 left on base; Austin 0 - Milton 0
BOTTOM OF THE 1ST
Milton Dogfish Head batting - Pitching for Austin Black Mambas : RHP Mario Gonzáles
Pitching: RHP Mario Gonzáles
Batting: RHB Anthony Hollis 0-0: Called Strike
0-1: Ball
1-1: Ball
2-1: Swinging Strike
2-2: Foul Ball, location: 2F
2-2: Foul Ball, location: 2F
2-2: Ball
3-2: Base on Balls
Batting: RHB Arnie Taylor 0-0: Ball
1-0: Fielders Choice at 2nd, 1-6 (Groundball, 13S, EV 65.0 MPH)
Batting: RHB Koryusai Maejima 0-0: Ball
1-0: Ball
2-0: SINGLE (Groundball, 6D, EV 104.4 MPH)
Arnie Taylor to second
Batting: RHB Colton Pennington 0-0: Ball
1-0: Foul Ball, location: 2F
1-1: Swinging Strike
1-2: SINGLE (Line Drive, 7S, EV 95.0 MPH)
Arnie Taylor to third
Koryusai Maejima to second
Batting: RHB Virgil Guldenmond 0-0: Called Strike
0-1: Ball
1-1: Ground out 5-3 (Groundball, 56S, EV 70.6 MPH)
Arnie Taylor scores
Koryusai Maejima to third
Colton Pennington to second
Batting: RHB Bobby Norris 0-0: Called Strike
0-1: Ball
1-1: Ball
2-1: Fly out, F8 (Flyball, 8RM, EV 84.4 MPH)
Bottom of the 1st over - 1 run, 2 hits, 0 errors, 2 left on base; Austin 0 - Milton 1
TOP OF THE 2ND
Austin Black Mambas batting - Pitching for Milton Dogfish Head : LHP Nick Hayes
Batting: LHB Armando Viña 0-0: Called Strike
0-1: Called Strike
0-2: Strikes out swinging
Batting: RHB Francisco Ortíz 0-0: Called Strike
0-1: Fly out, F3 (Popup, 3SF, EV 85.0 MPH)
Batting: LHB Jon Kelly 0-0: Ball
1-0: Ball
2-0: Called Strike
2-1: Ball
3-1: Called Strike
3-2: Fly out, F3 (Popup, 3SF, EV 66.2 MPH)
Top of the 2nd over - 0 runs, 0 hits, 0 errors, 0 left on base; Austin 0 - Milton 1
BOTTOM OF THE 2ND
Milton Dogfish Head batting - Pitching for Austin Black Mambas : RHP Mario Gonzáles
Batting: RHB Ivano Pohvisnev 0-0: Ball
1-0: Ball
2-0: Called Strike
2-1: Ball
3-1: Foul Ball, location: 2F
3-2: Base on Balls
Batting: LHB Salvador Ramírez 0-0: Foul Ball, location: 2F
0-1: Swinging Strike
0-2: Foul Ball, location: 2F
0-2: Ball
1-2: DOUBLE (Line Drive, 9LS, EV 90.6 MPH)
Ivano Pohvisnev to third
Pinch Runner at 2nd Lawrence O'Neal:
Batting: SHB Christian Cole 0-0: Ball
1-0: Foul Ball, location: 2F
1-1: Ball
2-1: Foul Ball, location: 2F
2-2: Foul Ball, location: 2F
2-2: Ball
3-2: Base on Balls
Batting: RHB Anthony Hollis 0-0: Ball
1-0: Fielders Choice at 2nd, 3-6 (Groundball, 34, EV 84.4 MPH)
Ivano Pohvisnev scores
Lawrence O'Neal to third
Batting: RHB Arnie Taylor 0-0: Ball
1-0: Called Strike
1-1: Ball
2-1: Foul Ball, location: 2F
2-2: Strikes out looking
Batting: RHB Koryusai Maejima 0-0: Ball
1-0: Foul Ball, location: 2F
1-1: Ball
2-1: Fly out, F8 (Flyball, 8LM, EV 88.8 MPH)
Bottom of the 2nd over - 1 run, 1 hit, 0 errors, 2 left on base; Austin 0 - Milton 2
TOP OF THE 3RD
Austin Black Mambas batting - Pitching for Milton Dogfish Head : LHP Nick Hayes
Now in RF: Lawrence O'Neal
Batting: RHB Ned Lyons 0-0: Ball
1-0: Ball
2-0: Swinging Strike
2-1: Ball
3-1: Foul Ball, location: 2F
3-2: Foul Ball, location: 2F
3-2: Base on Balls
Batting: RHB Rick Pawlowicz 0-0: Ball
1-0: Foul Ball, location: 2F
1-1: Ball
2-1: Ball
3-1: SINGLE (Groundball, 34D, EV 101.9 MPH)
Ned Lyons to second
Runner from 2nd tries for 3rd, SAFE, no throw by RF
Batting: RHB Jason Portillo 0-0: Ball
1-0: Foul Ball, location: 2F
1-1: Fly out, F8 (Line Drive, 8LD, EV 95.0 MPH)
Runner from 3rd tags up, SCORES, throw by CF
Batting: RHB Doug Page 0-0: Ball
Passed Ball!
Rick Pawlowicz to second
1-0: Foul Ball, location: 2F
1-1: Called Strike
1-2: Foul Ball, location: 2F
1-2: Foul Ball, location: 2F
1-2: Ball
2-2: Ground out 5-3 (Groundball, 56, EV 109.4 MPH)
Batting: LHB Man-su Sin 0-0: Foul Ball, location: 2F
0-1: Ground out 4-3 (Groundball, 4, EV 85.0 MPH)
Top of the 3rd over - 1 run, 1 hit, 0 errors, 1 left on base; Austin 1 - Milton 2
BOTTOM OF THE 3RD
Milton Dogfish Head batting - Pitching for Austin Black Mambas : RHP Mario Gonzáles
Batting: RHB Colton Pennington 0-0: Called Strike
0-1: Ball
1-1: Foul Ball, location: 2F
1-2: Ball
2-2: Ball
3-2: Strikes out looking
Batting: RHB Virgil Guldenmond 0-0: Foul Ball, location: 2F
0-1: Ball
1-1: Ball
2-1: Swinging Strike
2-2: Strikes out swinging
Batting: RHB Bobby Norris 0-0: Called Strike
0-1: Ball
1-1: Ball
2-1: Called Strike
2-2: Foul Ball, location: 2F
2-2: Ball
3-2: Foul Ball, location: 2F
3-2: SINGLE (Line Drive, 89S, EV 90.6 MPH)
Batting: RHB Ivano Pohvisnev 0-0: Foul Ball, location: 2F
0-1: Ball
1-1: DOUBLE (Flyball, 8LXD, EV 110.0 MPH)
Bobby Norris to third
Runner from 3rd tries for Home, SAFE, no throw by CF
Batting: RHB Lawrence O'Neal 0-0: Called Strike
0-1: Ball
1-1: Swinging Strike
1-2: Ground out 4-3 (Groundball, 4, EV 106.2 MPH)
Bottom of the 3rd over - 1 run, 2 hits, 0 errors, 1 left on base; Austin 1 - Milton 3
TOP OF THE 4TH
Austin Black Mambas batting - Pitching for Milton Dogfish Head : LHP Nick Hayes
Batting: RHB Doug Day 0-0: DOUBLE (Flyball, 8LXD, EV 88.8 MPH)
Batting: LHB Armando Viña 0-0: Ball
1-0: Called Strike
1-1: Swinging Strike
1-2: Ball
2-2: Strikes out swinging
Batting: RHB Francisco Ortíz 0-0: Ball
1-0: Swinging Strike
1-1: Swinging Strike
1-2: Ball
2-2: Ball
3-2: Fly out, F8 (Line Drive, 8RD, EV 83.1 MPH)
Batting: LHB Jon Kelly 0-0: Foul Ball, location: 2F
0-1: Ground out U3 (Groundball, 3, EV 103.8 MPH)
Top of the 4th over - 0 runs, 1 hit, 0 errors, 1 left on base; Austin 1 - Milton 3
BOTTOM OF THE 4TH
Milton Dogfish Head batting - Pitching for Austin Black Mambas : RHP Mario Gonzáles
Batting: SHB Christian Cole 0-0: Foul Ball, location: 2F
0-1: Swinging Strike
0-2: Ball
1-2: Ball
2-2: Ball
3-2: Strikes out swinging
Batting: RHB Anthony Hollis 0-0: Called Strike
0-1: Swinging Strike
0-2: SINGLE (Groundball, 4M, EV 99.4 MPH)
Batting: RHB Arnie Taylor 0-0: Ball
Passed Ball!
Anthony Hollis to second
1-0: Ball
2-0: Called Strike
2-1: Ball
3-1: Foul Ball, location: 2F
3-2: SINGLE (Groundball, 6MD, EV 106.9 MPH)
Anthony Hollis to third
Runner from 3rd tries for Home, SAFE, no throw by CF
Batting: RHB Koryusai Maejima 0-0: Ball
1-0: Swinging Strike
1-1: Foul Ball, location: 2F
1-2: Foul Ball, location: 2F
1-2: Ball
2-2: Strikes out swinging
Batting: RHB Colton Pennington 0-0: Ball
1-0: Foul Ball, location: 2F
1-1: Ball
2-1: SINGLE (Groundball, 6D, EV 98.1 MPH)
Arnie Taylor to second
Pitching: LHP James Hall
Batting: RHB Virgil Guldenmond 0-0: Foul Ball, location: 2F
0-1: Foul Ball, location: 2F
0-2: Ball
1-2: Foul Ball, location: 2F
1-2: Foul Ball, location: 2F
1-2: Ball
2-2: Strikes out swinging
Bottom of the 4th over - 1 run, 3 hits, 0 errors, 2 left on base; Austin 1 - Milton 4
TOP OF THE 5TH
Austin Black Mambas batting - Pitching for Milton Dogfish Head : LHP Nick Hayes
Batting: RHB Ned Lyons 0-0: Called Strike
0-1: Foul Ball, location: 2F
0-2: Hit by Pitch
Batting: RHB Rick Pawlowicz 0-0: Ball
1-0: Called Strike
1-1: Ball
2-1: Ball
3-1: Bunted foul
3-2: DOUBLE (Flyball, 89D, EV 90.6 MPH)
Ned Lyons to third
Batting: RHB Jason Portillo 0-0: Swinging Strike
0-1: Ball
1-1: Ground out 6-3 (Groundball, 56, EV 98.8 MPH)
Ned Lyons scores
Batting: RHB Doug Page 0-0: Foul Ball, location: 2F
0-1: Ball
1-1: Ball
2-1: Called Strike
2-2: Ground out 5-3 (Groundball, 56, EV 101.9 MPH)
Batting: LHB Man-su Sin 0-0: Ball
1-0: Called Strike
1-1: SINGLE (Groundball, 6MD, EV 103.8 MPH)
Rick Pawlowicz to third
Runner from 3rd tries for Home, throw by CF and OUT! 8-2
Top of the 5th over - 1 run, 2 hits, 0 errors, 1 left on base; Austin 2 - Milton 4
BOTTOM OF THE 5TH
Milton Dogfish Head batting - Pitching for Austin Black Mambas : LHP James Hall
Batting: RHB Bobby Norris 0-0: Ground out 3-1 (Groundball, 34, EV 84.4 MPH)
Batting: RHB Ivano Pohvisnev 0-0: Foul Ball, location: 2F
0-1: Foul Ball, location: 2F
0-2: Ball
1-2: Ball
2-2: Fly out, F6 (Line Drive, 6, EV 72.5 MPH)
Batting: RHB Lawrence O'Neal 0-0: Foul Ball, location: 2F
0-1: Swinging Strike
0-2: Ball
1-2: Foul Ball, location: 2F
1-2: Strikes out swinging
Bottom of the 5th over - 0 runs, 0 hits, 0 errors, 0 left on base; Austin 2 - Milton 4
TOP OF THE 6TH
Austin Black Mambas batting - Pitching for Milton Dogfish Head : LHP Nick Hayes
Batting: RHB Doug Day 0-0: SINGLE (Groundball, 4MD, EV 98.1 MPH)
Batting: LHB Armando Viña 0-0: Ball
1-0: Sac Bunt to 15 - play at first, batter OUT! 1-3
Doug Day to second
Pitching: RHP Carlos Salcido
Batting: RHB Francisco Ortíz 0-0: Ground out 2-3 (Groundball, 2R, EV 73.1 MPH)
Doug Day to third
Batting: LHB Jon Kelly 0-0: Ball
1-0: Ball
2-0: Ball
3-0: Base on Balls
Batting: RHB Ned Lyons 0-0: Foul Ball, location: 2F
0-1: Ball
1-1: Ball
2-1: SINGLE (Groundball, 6MD, EV 97.5 MPH)
Doug Day scores
Jon Kelly to second
Runner from 2nd tries for 3rd, SAFE, no throw by CF
Batting: RHB Rick Pawlowicz 0-0: Foul Ball, location: 2F
0-1: Ball
1-1: Ball
2-1: Ball
3-1: Foul Ball, location: 2F
3-2: Strikes out swinging
Top of the 6th over - 1 run, 2 hits, 0 errors, 2 left on base; Austin 3 - Milton 4
BOTTOM OF THE 6TH
Milton Dogfish Head batting - Pitching for Austin Black Mambas : LHP James Hall
Batting: SHB Christian Cole 0-0: Ball
1-0: Foul Ball, location: 2F
1-1: Foul Ball, location: 2F
1-2: Ground out 6-3 (Groundball, 6, EV 92.5 MPH)
Batting: RHB Anthony Hollis 0-0: Ball
1-0: Ball
2-0: Called Strike
2-1: Ground out 3-1 (Groundball, 34, EV 85.6 MPH)
Batting: RHB Arnie Taylor 0-0: Ball
1-0: Ball
2-0: Called Strike
2-1: Swinging Strike
2-2: Foul Ball, location: 2F
2-2: DOUBLE (Line Drive, 89M, EV 98.8 MPH)
Batting: RHB Koryusai Maejima 0-0: Fly out, F3 (Popup, 34S, EV 70.6 MPH)
Bottom of the 6th over - 0 runs, 1 hit, 0 errors, 1 left on base; Austin 3 - Milton 4
TOP OF THE 7TH
Austin Black Mambas batting - Pitching for Milton Dogfish Head : RHP Carlos Salcido
Batting: RHB Jason Portillo 0-0: Ball
1-0: Ball
2-0: Called Strike
2-1: Ball
3-1: Base on Balls
Batting: RHB Doug Page 0-0: Swinging Strike
0-1: Foul Ball, location: 2F
0-2: Strikes out swinging
Batting: LHB Man-su Sin 0-0: Foul Ball, location: 2F
0-1: SINGLE (Groundball, 5D, EV 99.4 MPH)
Jason Portillo to second
Pinch Runner at 2nd Kamakakoa Kaponianani:
Pinch Hitting: LHB José Vera 0-0: Ball
1-0: Ball
Kamakakoa Kaponianani is caught stealing 3rd base 2-5
2-0: Foul Ball, location: 2F
2-1: Ball
3-1: Fly out, F9 (Line Drive, 9, EV 88.8 MPH)
Top of the 7th over - 0 runs, 1 hit, 0 errors, 1 left on base; Austin 3 - Milton 4
BOTTOM OF THE 7TH
Milton Dogfish Head batting - Pitching for Austin Black Mambas : LHP James Hall
Now at 1B: José Vera
Batting: RHB Colton Pennington 0-0: Ball
1-0: Ball
2-0: Foul Ball, location: 2F
2-1: Ball
3-1: DOUBLE (Flyball, 89D, EV 107.5 MPH)
Batting: RHB Virgil Guldenmond 0-0: Ball
1-0: Swinging Strike
1-1: Foul Ball, location: 2F
1-2: Ball
2-2: Strikes out swinging
Batting: RHB Bobby Norris 0-0: Intentional Walk
Pitching: RHP José Lucero
Batting: RHB Ivano Pohvisnev 0-0: Foul Ball, location: 2F
0-1: Ball
1-1: Foul Ball, location: 2F
1-2: Ball
2-2: SINGLE (Groundball, 34D, EV 96.9 MPH)
Colton Pennington to third
Bobby Norris to second
Runner from 3rd tries for Home, SAFE, throw by RF to home
Batting: RHB Lawrence O'Neal 0-0: Swinging Strike
0-1: Swinging Strike
0-2: Ball
1-2: Foul Ball, location: 2F
1-2: Foul Ball, location: 2F
1-2: Strikes out looking
Batting: SHB Christian Cole 0-0: Foul Ball, location: 2F
0-1: Ball
1-1: Swinging Strike
1-2: Fly out, F9 (Flyball, 89D, EV 95.6 MPH)
Bottom of the 7th over - 1 run, 2 hits, 0 errors, 2 left on base; Austin 3 - Milton 5
TOP OF THE 8TH
Austin Black Mambas batting - Pitching for Milton Dogfish Head : RHP Carlos Salcido
Batting: LHB Armando Viña 0-0: Ball
1-0: Ball
2-0: Ball
3-0: Called Strike
3-1: Foul Ball, location: 2F
3-2: Strikes out swinging
Batting: RHB Francisco Ortíz 0-0: Called Strike
0-1: Ball
1-1: Swinging Strike
1-2: Foul Ball, location: 2F
1-2: Strikes out swinging
Batting: LHB Jon Kelly 0-0: Called Strike
0-1: Ball
1-1: Foul Ball, location: 2F
1-2: Foul Ball, location: 2F
1-2: Strikes out swinging
Top of the 8th over - 0 runs, 0 hits, 0 errors, 0 left on base; Austin 3 - Milton 5
BOTTOM OF THE 8TH
Milton Dogfish Head batting - Pitching for Austin Black Mambas : RHP José Lucero
Batting: RHB Anthony Hollis 0-0: Swinging Strike
0-1: Ball
1-1: Called Strike
1-2: Foul Ball, location: 2F
1-2: SINGLE (Groundball, 56, EV 103.1 MPH)
Batting: RHB Arnie Taylor 0-0: Ball
Anthony Hollis steals 2nd base
1-0: Fly out, F9 (Line Drive, 9, EV 90.6 MPH)
Batting: RHB Koryusai Maejima 0-0: Ball
Anthony Hollis is caught stealing 3rd base 2-5
1-0: Called Strike
1-1: Foul Ball, location: 2F
1-2: Ground out 5-3 (Groundball, 56, EV 99.4 MPH)
Bottom of the 8th over - 0 runs, 1 hit, 0 errors, 0 left on base; Austin 3 - Milton 5
TOP OF THE 9TH
Austin Black Mambas batting - Pitching for Milton Dogfish Head : RHP Carlos Salcido
Pitching: RHP Sergio Tacuri
Now at 2B: Rafael Riquelme
Batting: RHB Ned Lyons 0-0: Called Strike
0-1: Called Strike
0-2: Fly out, F8 (Flyball, 8LM, EV 87.5 MPH)
Batting: RHB Rick Pawlowicz 0-0: Ball
1-0: Ball
2-0: Reached on error, E9 (Flyball, 89M, EV 80.0 MPH)
Batting: RHB Kamakakoa Kaponianani 0-0: Called Strike
0-1: Foul Ball, location: 2F
0-2: Ball
1-2: Strikes out swinging
Batting: RHB Doug Page 0-0: Called Strike
0-1: Swinging Strike
0-2: Ball
1-2: Ball
Passed Ball!
Rick Pawlowicz to second
2-2: Strikes out swinging
Top of the 9th over - 0 runs, 0 hits, 1 error, 1 left on base; Austin 3 - Milton 5
Friday, March 26th, 2021 - OOTP Baseball 20.8 Build 74